 Dungeon Crawl Stone Soup version 0.31-a0-187-gba352fbbf7 (webtiles) character file.

Game seed: 13360158469788380551

239 qw the Skirmisher (level 5, 0/30 HPs)
             Began as a Deep Elf Hunter on June 22, 2023.
             Slain by an orc wizard
             ... wielding a +0 dagger
              (2 damage)
             ... on level 3 of the Dungeon.
             The game lasted 00:01:03 (2679 turns).

qw the Skirmisher (Deep Elf Hunter)                 Turns: 2679, Time: 00:01:04

Health: 0/30       AC:  5    Str: 10    XL:     5   Next: 79%
Magic:  7/7        EV: 11    Int: 14    God:
Gold:   179        SH:  0    Dex: 18    Spells: 4/4 levels left

rFire   . . .        Y - +0 shortbow
rCold   . . .        (shield currently unavailable)
rNeg    . . .        e - +0 ring mail
rPois   .            (no helmet)
rElec   .            (no cloak)
rCorr   .            (no gloves)
SInv    .            (no boots)
Will    .....        (no amulet)
Stlth   +            (no ring)
HPRegen 0.25/turn    (no ring)
MPRegen 0.10/turn

%: no passive effects
@: about to teleport
A: no striking features
a: no special abilities


You were on level 3 of the Dungeon.
You visited 1 branch of the dungeon, and saw 4 of its levels.

You collected 179 gold pieces.


   Skills:
 - Level 2.1 Fighting
 + Level 9.1 Ranged Weapons
 - Level 2.4 Dodging
 - Level 1.2 Stealth


You had 4 spell levels left.
You didn't know any spells.
Your spell library was empty.

Inventory:

Hand Weapons
 Y - a +0 shortbow (weapon)
Armour
 e - a +0 ring mail (worn)
 j - a +0 helmet
Jewellery
 i - an amulet of regeneration
Scrolls
 a - a scroll of identify
 b - a scroll of teleportation
 f - a scroll of silence {unknown}
 g - a scroll of vulnerability {unknown}
Potions
 c - 2 potions of curing
 d - a potion of heal wounds
 h - a potion of haste {unknown}

Dungeon Overview and Level Annotations

Branches:
Dungeon (4/15)
 Temple: D:4-7

Altars:
Nemelex Xobeh

Shops:
D:4 (


Message History

Enter note:
Enter note: You now have 179 gold pieces (gained 27).
You see here a hobgoblin corpse.
An orc wizard and an orc priest come into view.
The orc priest shouts!
An orc comes into view. It is wielding a +0 trident.
Enter note:
Enter note:
Enter note:
Enter note:
Enter note:
Enter note:
Enter note:
Enter note:
Enter note:
2672 ||| Stepping ~*~*~tactically~*~*~ (outnumbered).
You shoot an arrow. The arrow closely misses the orc.
You hear a shout!
You shoot an arrow. The arrow hits the orc priest.
The orc priest is lightly wounded.
You shoot an arrow. The arrow hits the orc priest.
The orc priest is moderately wounded.
The orc priest closely misses you.
You shoot an arrow. The arrow hits the orc priest.
The orc priest is moderately wounded.
You hear a shout!
The orc priest calls down the wrath of Beogh upon you.
Beogh smites you!
Ouch! That really hurt!
You shoot an arrow.
The arrow closely misses the orc priest.
You shoot an arrow. The arrow misses the orc wizard.
The orc priest mumbles some strange prayers to Beogh against you.
Beogh smites you!
2679 ||| READING 2 scrolls of teleportation.
As you read the scroll of teleportation, it crumbles to dust.
You feel strangely unstable.
The orc wizard hits you with a +0 dagger.
You die...

#.##.#.......##.##.##.#
#.##.#.......##.......#
#....#.....).#####.####
###.####.......# #.#
#...#####.#...... #.#
#.#..........#.... ..#
#......####..#.##. ###
#..~~~..#.o....#
#.~~8~~.@o#..###
###########


oo.. #### You could see an orc priest and an orc wizard.

Vanquished Creatures
  A hound (D:4)
  An iguana (D:4)
  An orc wizard (D:4)
  3 adders
  4 gnolls (D:3)
  A shadow imp (D:4)
  2 worms
  2 dart slugs (D:4)
  3 orcs (D:3)
  8 endoplasms
  4 giant cockroaches
  5 goblins
  11 hobgoblins
  6 quokkas
  4 ball pythons
  4 bats
  3 frilled lizards
  9 kobolds
  3 rats
75 creatures vanquished.

Notes
Turn   | Place    | Note
-------+----------+-------------------------------------------
     0 | D:1      | qw the Deep Elf Hunter began the quest for the Orb.
     0 | D:1      | Reached XP level 1. HP: 12/12 MP: 3/3
     0 | D:1      | 0 ||| qw: Version: 0.3-a-9-g12657ce
     0 | D:1      | 0 ||| qw: Game counter: 2693
     0 | D:1      | 0 ||| qw: Always use a shield: true
     0 | D:1      | 0 ||| qw: God list: Okawaru
     0 | D:1      | 0 ||| qw: Allow faded altars: false
     0 | D:1      | 0 ||| qw: Do Orc after D:15 true
     0 | D:1      | 0 ||| qw: Do second Lair branch before Depths: true
     0 | D:1      | 0 ||| qw: Lair rune preference: random
     0 | D:1      | 0 ||| qw: Plans: Normal
     0 | D:1      | 0 ||| PLANNING D:1-11
    67 | D:1      | Reached skill level 6 in Ranged Weapons
    67 | D:1      | Reached XP level 2. HP: 16/16 MP: 4/4
   576 | D:1      | Found a faded altar of an unknown god.
   691 | D:1      | 691 ||| UPGRADING to +0 ring mail.
   701 | D:1      | 701 ||| DROPPING +0 leather armour.
   702 | D:1      | 702 ||| READING scroll labelled HAUTZUWNIO.
   703 | D:1      | 703 ||| READING scroll labelled GUAQAA ABBUWOCS.
   704 | D:1      | 704 ||| READING scroll labelled VUTZIKK REWER.
   735 | D:1      | 735 ||| READING scroll labelled BIYCOBLUSE.
   736 | D:1      | 736 ||| DRINKING 2 puce potions.
   737 | D:1      | 737 ||| DRINKING 2 fuming cyan potions.
   738 | D:1      | 738 ||| DRINKING potion of curing.
   738 | D:1      | 738 ||| (to cure confusion)
   739 | D:1      | 739 ||| DROPPING scroll of butterflies.
   740 | D:1      | 740 ||| DROPPING potion of ambrosia.
   776 | D:2      | Reached XP level 3. HP: 20/20 MP: 5/5
   812 | D:2      | 812 ||| READING scroll labelled NOXEZU BEALU.
  1029 | D:2      | Reached skill level 7 in Ranged Weapons
  1032 | D:2      | 1032 ||| FLEEEEING.
  1033 | D:2      | 1033 ||| FLEEEEING.
  1034 | D:2      | 1034 ||| FLEEEEING.
  1391 | D:2      | 1391 ||| READING scroll labelled PAGEVU QUUM.
  1395 | D:2      | 1395 ||| READING scroll labelled PISASA VEITYI.
  1396 | D:2      | 1396 ||| READING 4 scrolls of identify.
  1396 | D:2      | 1396 ||| IDENTIFYING yellow potion
  1397 | D:2      | 1397 ||| READING 3 scrolls of identify.
  1397 | D:2      | 1397 ||| IDENTIFYING clear potion
  1398 | D:2      | 1398 ||| DROPPING potion of attraction.
  1399 | D:2      | 1399 ||| DROPPING potion of brilliance.
  1429 | D:3      | You fall into a shaft and drop 1 floor!
  1430 | D:4      | 1430 ||| PLANNING OSSUARY
  1545 | D:4      | 1545 ||| Stepping ~*~*~tactically~*~*~ (outnumbered).
  1547 | D:4      | 1547 ||| Stepping ~*~*~tactically~*~*~ (outnumbered).
  1553 | D:4      | Reached XP level 4. HP: 22/25 MP: 6/6
  1587 | D:4      | Reached skill level 8 in Ranged Weapons
  1685 | D:4      | Reached XP level 5. HP: 19/29 MP: 7/7
  1774 | D:4      | 1774 ||| FLEEEEING.
  1780 | D:4      | 1780 ||| FLEEEEING.
  1824 | D:4      | Noticed an orc warrior
  1831 | D:4      | 1831 ||| DRINKING 2 potions of curing.
  1831 | D:4      | 1831 ||| (to cure confusion)
  1833 | D:4      | HP: 4/29 [orc warrior/+0 halberd (5)]
  1834 | D:4      | 1834 ||| READING scroll of teleportation.
  1835 | D:4      | HP: 1/29 [orc wizard/+0 dagger (3)]
  2001 | D:4      | Found a sparkling altar of Nemelex Xobeh.
  2054 | D:4      | Found Biaredihe's Antique Weapon Emporium.
  2086 | D:4      | 2086 ||| RIP OSSUARY
  2089 | D:4      | 2089 ||| PLANNING D:1-11
  2089 | D:4      | 2089 ||| READING 2 scrolls of identify.
  2089 | D:4      | 2089 ||| IDENTIFYING lumpy brown potion
  2110 | D:3      | Reached skill level 9 in Ranged Weapons
  2672 | D:3      | 2672 ||| Stepping ~*~*~tactically~*~*~ (outnumbered).
  2678 | D:3      | HP: 2/30 [orc priest/divine providence (13)]
  2679 | D:3      | 2679 ||| READING 2 scrolls of teleportation.
  2679 | D:3      | Slain by an orc wizard

Levels and vault maps discovered:
D:1:      dpeg_arrival_lava_temple_mockup, layout_basic,
          dreamdust_ecumenical_altar_hidden_monk_grotto, minmay_misc_feat_alley
D:2:      layout_loops_cross, nicolae_concentric_dashed_squares_mild
D:3:      layout_loops_cross, minmay_misc_feat_ornament, serial_bayou_pond_d,
          minmay_misc_feat_tiny, moated_statue
D:4:      minmay_chambers_of_twos, layout_loops_ring,
          nemelex_spade_bored_becter, serial_shops, shop_fountains,
          chequers_ossuary_entry_cave, kennysheep_generic_room_6

Skill      XL: |  1  2  3  4  5 |
---------------+----------------+-----
Ranged Weapons | 6 7 8 9 |  9.1
Fighting       | 2 |  2.1
Dodging        | |  2.4
Stealth        | |  1.2

Action                     |  1- 3 |  4- 6 || total
---------------------------+-------+-------++-------
   Fire: Shortbow          |   113 |   115 ||   228
    Use: Scroll            |     9 |     3 ||    12
         Potion            |     3 |     1 ||     4
 Armour: Leather armour    |     5 |       ||     5
         Ring mail         |     8 |    12 ||    20
  Dodge: Dodged            |    15 |    34 ||    49

Table legend:
 A = Non-vault XP
 B = Vault XP
 C = Vault XP percentage of total XP
 D = Non-vault monster count
 E = Vault monster count
 F = Vault count percentage of total count
                 A         B        C        D         E       F
            +---------+---------+-------+---------+---------+-------
      Total |     270 |      72 |  21.1 |      67 |       8 |  10.7
            +---------+---------+-------+---------+---------+-------
        D:1 |      37 |       0 |   0.0 |      22 |       0 |   0.0
        D:2 |      47 |       0 |   0.0 |      21 |       0 |   0.0
        D:3 |      78 |       0 |   0.0 |      13 |       0 |   0.0
        D:4 |     108 |      72 |  40.0 |      11 |       8 |  42.1
            +---------+---------+-------+---------+---------+-------
